Map: Frozen Temple

Players

lIlIlIlIlIlI - Winner!

  • Race: Terran Terran
  • League: Diamond

Mvp

  • Race: Terran Terran
  • League: Master

VOD

Have the link to the VOD?

Description

Time

  • Played on: Aug. 5, 2016, 9:52 p.m.
  • Length: 16:32
Show
View Real Time Build Order
Export as new Build Order

lIlIlIlIlIlI Terran - Winner!

Build Orders: Reaper Expand, MMM Bio 

Get SALT Encoding   

  12  0:01  SCV  
  13  0:13  SCV  
  14  0:21  Supply Depot  
  14  0:25  SCV  
  15  0:42  SCV  
  16  0:44  Barracks  
  16  0:48  Refinery  
  16  0:54  SCV  
  17  1:06  SCV  
  18  1:18  SCV  
  19  1:33  Orbital Command  
  19  1:35  Reaper  
  20  1:46  Command Center  
  20  1:58  Barracks  
  20  2:07  Supply Depot  
  20  2:08  Marine  
  21  2:16  SCV  
  22  2:25  Factory  
  22  2:26  Marine  
  22  2:44  Marine  
  22  2:50  SCV  
  20  2:59  Marine  
  20  3:02  Marine  
  20  3:03  SCV  
  22  3:09  Hellion  
  24  3:15  SCV  
  24  3:17  Marine  
  25  3:24  Marine  
  25  3:33  Hellion  
  26  3:35  Marine  
  26  3:36  SCV  
  25  3:41  Marine  
  25  3:43  SCV  
  27  3:52  Marine  
  28  3:57  Hellion  
  28  3:59  Marine  
  24  4:10  Marine  
  24  4:11  Orbital Command  
  25  4:17  Marine  
  25  4:24  Factory Tech Lab  
  26  4:27  SCV  
  26  4:28  Marine  
  28  4:35  Marine  
  26  4:46  Marine  
  26  4:47  Siege Tank  
  26  4:49  SCV  
  31  4:53  Marine  
  31  4:59  SCV  
  33  5:02  SCV  
  33  5:04  Marine  
  35  5:11  SCV  
  35  5:13  Barracks Reactor  
  36  5:15  SCV  
  36  5:20  Starport  
  37  5:25  SCV  
  37  5:27  Barracks Tech Lab  
  38  5:34  SCV  
  39  5:39  Refinery  
  39  5:40  Siege Tank  
  39  5:41  SCV  
  43  5:48  SCV  
  36  5:59  Marine, SCV  
  36  6:00  Marine  
  39  6:09  SCV  
  40  6:11  SCV  
  40  6:17  Stimpack  
  41  6:21  Marine, SCV  
  41  6:22  Marine x2  
  45  6:25  SCV  
  46  6:36  Command Center  
  46  6:40  Supply Depot  
  46  6:43  Engineering Bay  
  46  6:56  Supply Depot  
  46  7:01  SCV x2  
  46  7:04  Marine, Barracks  
  49  7:09  Factory Tech Lab  
  49  7:13  SCV x2  
  49  7:15  Terran Infantry Weapons Level 1  
  51  7:19  Supply Depot  
  51  7:24  Marauder  
  51  7:25  Starport Reactor, SCV  
  51  7:26  Marine x2  
  56  7:31  SCV  
  56  7:34  Siege Tank  
  60  7:38  SCV  
  60  7:42  Refinery  
  60  7:43  SCV  
  62  7:44  Refinery  
  62  7:53  Marine x2, Marauder  
  62  7:54  Marauder  
  68  7:58  Concussive Shells  
  68  8:01  SCV  
  68  8:02  SCV  
  70  8:07  Orbital Command  
  70  8:13  SCV  
  70  8:15  SCV  
  70  8:17  Medivac x2  
  70  8:18  Marine  
  70  8:19  Marine  
  78  8:25  SCV  
  80  8:27  SCV  
  80  8:30  Supply Depot  
  80  8:32  Supply Depot  
  80  8:36  Combat Shields  
  80  8:38  Marauder  
  80  8:39  Marauder  
  80  8:40  SCV  
  66  9:04  Marine x3  
  66  9:05  Marauder  
  66  9:11  SCV x2  
  68  9:22  Marine x2  
  68  9:23  Marauder  
  69  9:25  Marine, SCV x3  
  69  9:27  Medivac x2, Siege Tank  
  78  9:37  SCV x2  
  78  9:38  SCV  
  81  9:40  Marine x2  
  81  9:43  Marine  
  81  9:44  Terran Infantry Armor Level 1  
  84  9:48  Marauder  
  84  9:49  SCV  
  87  9:58  Marine x2, SCV x2  
  91  10:02  Marauder  
  91  10:04  Supply Depot  
  91  10:05  Supply Depot  
  93  10:08  Marine  
  93  10:15  Marine  
  93  10:16  Marine  
  93  10:19  Siege Tank, SCV x2, Barracks  
  93  10:20  Barracks  
  93  10:21  Factory  
  100  10:25  Engineering Bay, SCV  
  100  10:26  Medivac x2, Armory, Marauder  
  107  10:40  SCV x2  
  109  10:43  SCV  
  109  10:45  Refinery, Command Center  
  109  10:46  Refinery  
  109  10:47  Supply Depot  
  109  10:48  Marine x2, Supply Depot  
  112  10:52  SCV  
  112  10:55  SCV  
  112  10:56  SCV  
  115  10:59  Sensor Tower  
  115  11:05  Factory Tech Lab  
  115  11:08  Siege Tank, Barracks Tech Lab  
  115  11:09  Barracks Tech Lab  
  118  11:15  Marine  
  118  11:16  Marauder x2  
  123  11:20  Barracks Reactor  
  123  11:21  Marine  
  123  11:23  SCV  
  123  11:24  SCV  
  125  11:35  SCV x2  
  125  11:37  Marauder  
  125  11:39  Marauder  
  133  11:40  Marauder  
  133  11:48  Supply Depot  
  133  11:50  Supply Depot  
  133  11:57  Marine x2, Siege Tank, SCV  
  124  12:13  Marine x4  
  124  12:14  Marauder  
  127  12:17  Marine x2  
  116  12:25  Siege Tank  
  116  12:26  Medivac x2  
  123  12:31  Marine x2  
  123  12:32  Marauder x2  
  123  12:33  Terran Infantry Weapons Level 2, Terran Infantry Armor Level 2  
  123  12:34  Marine  
  123  12:35  Marine  
  129  12:47  Marine  
  129  12:49  Marine x2  
  132  12:52  Marine  
  132  12:53  Marauder  
  132  12:55  Siege Tank  
  132  12:56  SCV x2  
  132  12:57  Siege Tank  
  140  13:12  SCV x2  
  136  13:13  SCV  
  136  13:15  Planetary Fortress  
  135  13:23  Marine  
  135  13:24  Marine, Marauder  
  135  13:25  Terran Vehicle Weapons Level 1  
  139  13:29  Siege Tank  
  139  13:30  Siege Tank  
  139  13:31  Marine x2, Marauder  
  139  13:32  Marauder  
  151  13:41  Marine x2  
  151  13:48  Marine x2  
  153  13:49  Marine, Medivac x2  
  153  13:53  SCV x2, Marauder  
  164  13:57  Supply Depot x3  
  138  14:11  Marine  
  138  14:12  Marine x3, Marauder  
  138  14:15  Marine, Marauder  
  123  14:29  Marine x2  
  123  14:30  Marine x2  
  125  14:33  Siege Tank x2, Marauder  
  125  14:34  Marauder  
  125  14:36  Marine  
  129  14:47  Marine x3  
  129  14:48  Marine  
  131  14:54  Marine x2, Marauder  
  135  15:05  Marine x3, Siege Tank x2  
  135  15:06  Marine  
  145  15:12  Marauder  
  145  15:13  Marauder  
  149  15:15  Marine  
  150  15:23  Marine x3, Command Center  
  150  15:24  Marine  
  154  15:30  Orbital Command  
  154  15:33  Marauder  
  154  15:34  Marine, Marauder  
  159  15:40  Marine  
  159  15:41  Marine x2  
  159  15:42  Marine  
  163  15:43  Siege Tank x2  
  169  15:52  Marauder  
  169  15:54  Marine x2  
  161  15:58  Marine  
  161  15:59  Marine  
  150  16:12  Marine x2  
  150  16:13  Marine  
Show
View Real Time Build Order
Export as new Build Order

Mvp Terran 

Build Orders: Mech 

Get SALT Encoding   

  12  0:01  SCV  
  13  0:13  SCV  
  14  0:19  Supply Depot  
  14  0:25  SCV  
  15  0:41  SCV  
  16  0:45  Barracks  
  16  0:50  Refinery  
  16  0:53  SCV  
  17  1:05  Barracks  
  17  1:08  SCV  
  18  1:20  SCV  
  18  1:22  Refinery  
  19  1:33  Reaper  
  19  1:36  Barracks  
  20  1:44  Supply Depot  
  20  1:52  Reaper  
  21  2:05  Reaper  
  21  2:07  Orbital Command  
  21  2:24  Reaper  
  21  2:25  Reaper  
  23  2:40  Reaper  
  22  2:56  Reaper  
  22  2:57  Reaper  
  23  3:07  SCV  
  23  3:11  Supply Depot  
  24  3:13  Reaper  
  25  3:28  Reaper  
  25  3:29  Reaper  
  25  3:33  SCV  
  28  3:45  Reaper, SCV  
  28  3:46  Command Center  
  30  4:00  Reaper  
  30  4:01  Reaper  
  29  4:16  SCV  
  30  4:28  SCV  
  30  4:30  Engineering Bay  
  33  4:41  SCV  
  30  4:50  Factory  
  30  4:53  SCV  
  30  4:55  Factory  
  31  5:01  Factory  
  31  5:03  Orbital Command  
  31  5:05  SCV  
  31  5:06  Missile Turret  
  32  5:08  Missile Turret  
  32  5:17  SCV  
  33  5:29  SCV x2  
  35  5:36  Starport, Factory Tech Lab  
  35  5:38  Factory Tech Lab  
  35  5:41  SCV x2  
  36  5:53  SCV x2  
  36  6:04  Factory Reactor  
  36  6:05  SCV x2  
  36  6:06  Siege Tank x2  
  44  6:15  Refinery, Starport Reactor  
  44  6:17  SCV x2  
  46  6:29  SCV x2  
  48  6:33  Command Center  
  48  6:38  Siege Tank, Missile Turret  
  51  6:42  SCV x2  
  53  6:47  Refinery  
  53  6:54  SCV  
  54  6:56  SCV  
  54  6:57  Hellion x2  
  54  6:58  Supply Depot  
  54  6:59  Viking  
  61  7:02  Liberator  
  61  7:06  SCV  
  62  7:11  Supply Depot  
  62  7:17  Missile Turret  
  62  7:20  Siege Tank, Hellion  
  70  7:33  SCV x2  
  70  7:34  Siege Tank, Supply Depot  
  75  7:43  Liberator  
  75  7:45  SCV x2  
  77  7:56  Siege Tank  
  77  7:57  SCV, Supply Depot  
  81  8:01  Missile Turret  
  84  8:06  SCV, Supply Depot  
  84  8:08  Supply Depot  
  84  8:09  Planetary Fortress, SCV  
  86  8:18  SCV  
  87  8:21  SCV  
  87  8:24  Siege Tank  
  87  8:26  Hellion x2  
  95  8:30  SCV, Supply Depot  
  95  8:33  SCV  
  97  8:42  SCV  
  97  8:43  Sensor Tower  
  97  8:45  SCV  
  97  8:46  Supply Depot  
  83  9:05  Siege Tank x2  
  83  9:06  Hellion  
  84  9:18  SCV  
  84  9:20  Hellion  
  84  9:21  Viking  
  84  9:22  Viking  
  85  9:36  Hellion  
  85  9:37  Siege Tank  
  84  9:39  Siege Tank  
  84  9:44  SCV x2  
  84  9:45  SCV  
  90  9:46  Refinery  
  90  9:47  Refinery  
  90  9:51  Viking  
  92  9:54  Command Center  
  92  9:56  Hellion, Viking, SCV  
  92  9:57  SCV  
  98  10:10  Missile Turret x2, SCV  
  98  10:11  SCV  
  98  10:14  Siege Tank, Factory  
  103  10:15  Hellion  
  103  10:16  SCV  
  103  10:20  Factory  
  106  10:22  SCV  
  106  10:23  SCV  
  106  10:24  Siege Tank  
  106  10:26  Hellion  
  106  10:28  SCV  
  114  10:34  SCV  
  114  10:35  SCV  
  116  10:39  Hellion  
  116  10:42  Viking x2  
  122  10:43  SCV  
  122  10:46  Siege Tank, SCV  
  127  10:55  Supply Depot  
  127  10:58  Siege Tank  
  127  11:01  Hellion  
  132  11:07  Supply Depot  
  132  11:11  Supply Depot  
  132  11:12  Factory Reactor, Factory Tech Lab  
  132  11:18  Siege Tank  
  135  11:19  Supply Depot  
  135  11:25  Infernal Pre-Igniter  
  135  11:27  Hellion x2  
  135  11:30  Siege Tank  
  135  11:31  Missile Turret, Supply Depot  
  142  11:34  Missile Turret  
  142  11:35  Planetary Fortress  
  142  11:39  Siege Tank  
  145  11:40  Viking  
  145  11:42  Refinery  
  145  11:43  Refinery  
  147  11:51  Siege Tank  
  147  11:52  Hellion  
  147  11:53  Hellion  
  154  11:55  Supply Depot  
  154  11:59  Supply Depot  
  116  12:17  Siege Tank x2  
  116  12:18  Hellion x4  
  128  12:32  Siege Tank  
  128  12:33  Command Center  
  131  12:44  SCV x2  
  116  13:11  Siege Tank  
  113  13:14  Siege Tank x2  
  113  13:15  Hellion x4  
  127  13:31  Viking  
  129  13:40  Command Center  
  129  13:43  Siege Tank  
  129  13:46  Hellion x2  
  129  13:48  Viking  
  138  13:49  Siege Tank  
  138  13:51  Siege Tank  
  144  14:00  Hellion  
  120  14:28  Siege Tank x3  
  120  14:29  Hellion x4  
  133  14:33  Planetary Fortress  
  123  14:59  Hellion  
  113  15:00  Siege Tank x3  
  121  15:23  Hellion  
  121  15:24  Hellion  
  121  15:26  Armory  
  125  15:30  Refinery  
  125  15:31  Refinery  
  125  15:34  Siege Tank x3  
  120  16:03  Hellion x2  
  120  16:04  Hellion x2  
Tags
 
Add a new tag
Caveats
  • Supply blocks, unpowered buildings, or Contaminate may cause inaccurate times.
  • Supply counts are checked every 10 seconds.